[Event "GER-ch Youth-ODJM 2022"]
[Site "Willingen"]
[Date "2022.06.05"]
[Round "1.1"]
[White "Wechtenbruch, Jamie"]
[Black "Morio, Estelle"]
[Result "1-0"]
[ECO "B00"]
[WhiteElo "1489"]
[BlackElo "1823"]
[Annotator "NA RC COMBH"]
[PlyCount "89"]
[EventDate "2022.06.05"]
[EventType "swiss"]
[EventRounds "9"]
[EventCountry "GER"]
[SourceTitle "playchess.com"]
[Source "ChessBase"]
[SourceQuality "1"]
[TimeControl "40/4500+30:900+30"]

1. e4 d6 2. Nc3 Nf6 3. f4 e5 4. d3 Be7 5. Be2 c6 6. fxe5 dxe5 7. Bf3 Nbd7 8. Qe2 Nf8 9. Bd2 Ne6 10. Qf2 Qc7 11. Nge2 Bd7 12. Be3 Qa5 13. h3 Bc5 14. Bxc5 Qxc5 15. g4 Qxf2+ 16. Kxf2 h6 17. Nd1 O-O-O 18. Ne3 g6 19. Nc4 Be8 20. Nxe5 b5 21. Ke3 c5 22. c3 Ng8 23. Bg2 f6 24. Nf3 Rh7 25. Rad1 Rc7 26. Rhf1 a6 27. d4 cxd4+ 28. Nfxd4 Nxd4 29. Rxd4 Rcd7 30. Rxd7 Bxd7 31. Nf4 Be8 32. Nd5 Rd6 33. Rf2 Re6 34. b3 g5 35. Kd4 Kd7 36. c4 bxc4 37. bxc4 Bg6 38. Rb2 Kc8 39. Rb6 Rxb6 40. Nxb6+ Kb8 41. Nd5 h5 42. Kc5 Ka7 43. Kd6 hxg4 44. hxg4 Bf7 45. c5 1-0

[Event "GER-ch Youth-ODJM 2022"]
[Site "Willingen"]
[Date "2022.06.05"]
[Round "1.2"]
[White "Schilay, Eva"]
[Black "Turel, Tugrul"]
[Result "0-1"]
[ECO "C47"]
[WhiteElo "1691"]
[BlackElo "1206"]
[Annotator "NA RC COMBH"]
[PlyCount "38"]
[EventDate "2022.06.05"]
[EventType "swiss"]
[EventRounds "9"]
[EventCountry "GER"]
[SourceTitle "playchess.com"]
[Source "ChessBase"]
[SourceQuality "1"]
[TimeControl "40/4500+30:900+30"]

1. e4 e5 2. Nf3 Nc6 3. Nc3 Nf6 4. Bc4 Nxe4 5. Nxe4 d5 6. Bxd5 Qxd5 7. Nc3 Qd8 8. O-O Bg4 9. Qe2 Bd6 10. Qe3 O-O 11. a3 Nd4 12. Nxd4 exd4 13. Qe4 f5 14. Qe6+ Kh8 15. Nb5 Rf6 16. Qc4 Bxh2+ 17. Kxh2 Rh6+ 18. Kg1 Bf3 19. d3 Rg6 0-1

[Event "GER-ch Youth-ODJM 2022"]
[Site "Willingen"]
[Date "2022.06.05"]
[Round "1.3"]
[White "Sayas Payyappat"]
[Black "Kieselbach, Marvin"]
[Result "0-1"]
[ECO "A00"]
[WhiteElo "1542"]
[BlackElo "1662"]
[Annotator "NA RC COMBH"]
[PlyCount "44"]
[EventDate "2022.06.05"]
[EventType "swiss"]
[EventRounds "9"]
[EventCountry "GER"]
[SourceTitle "playchess.com"]
[Source "ChessBase"]
[SourceQuality "1"]
[TimeControl "40/4500+30:900+30"]

1. g3 Nf6 2. Bg2 c5 3. Nf3 Nc6 4. O-O e5 5. d3 d5 6. c4 Be7 7. Bg5 Be6 8. Bxf6 Bxf6 9. cxd5 Bxd5 10. Nc3 Be6 11. Rc1 b6 12. b3 Qd7 13. Ne4 Be7 14. Nfd2 h5 15. Nc4 h4 16. gxh4 Bh3 17. e3 Rxh4 18. Qf3 O-O-O 19. Nxc5 Bxg2 20. Nxd7 Bxf3 21. Ndxe5 Bd5 22. Nxc6 Rg4# 0-1

[Event "GER-ch Youth-ODJM 2022"]
[Site "Willingen"]
[Date "2022.06.05"]
[Round "1.4"]
[White "Brockmeyer, Tobias"]
[Black "Brinkmann, Fabian"]
[Result "0-1"]
[ECO "A05"]
[WhiteElo "1936"]
[BlackElo "2145"]
[Annotator "TA"]
[PlyCount "55"]
[EventDate "2022.06.05"]
[EventType "swiss"]
[EventRounds "9"]
[EventCountry "GER"]
[SourceTitle "playchess.com"]
[Source "ChessBase"]
[SourceQuality "1"]
[TimeControl "40/4500+30:900+30"]

1. Nf3 Nf6 2. d4 e6 3. g3 d5 4. Bg2 Be7 5. O-O O-O 6. b3 b6 7. Bb2 Bb7 8. Nbd2 {[%emt 0:00:00] D02: 1 d4 d5 2 Nf3 sidelines, including 2...Nf6 3 g3 and 2...Nf6 3 Bf4.} Nbd7 {[%emt 0:00:00] 8...c5 is more advanced technology.} 9. Ne5 c5 10. e3 {[%emt 0:00:36] The position is equal.} Rc8 11. Rc1 Qc7 12. f4 b5 13. c3 {[%emt 0:17:31] [#]} Qb6 $146 ({Predecessor:} 13... a5 14. Qe2 c4 15. bxc4 dxc4 16. e4 Nxe5 17. fxe5 Nd7 18. Bh3 Qb6 19. Rf2 Bg5 {1-0 (39) Mitrovic,M (2125)-Rancic,Z (2217) Kragujevac 2017}) 14. Kh1 a5 15. g4 {[%emt 0:03:28] [#] Black must now prevent g5.} Nb8 (15... Nxe5 $17 16. dxe5 Nd7) 16. g5 $11 Nfd7 17. Qh5 Nxe5 18. dxe5 a4 {[%emt 0:00:58] [#]} (18... Rfd8 $15) 19. Rf3 $1 $16 Rfd8 {[%emt 0:00:17] A mistake that costs the game.} (19... a3 $14 20. Bxa3 (20. Rh3 h6 $14) 20... Qa6) 20. Rh3 $40 {[%emt 0:03:13][%mdl 128] White has strong attack.} Kf8 $2 (20... h6 {is a better chance.} 21. Rg1 (21. gxh6 g6 $14) 21... Rf8) 21. Qxh7 Ke8 22. Qxg7 {[%emt 0:00:38] Strongly threatening Rh7.} Bf8 (22... Kd7 $142 23. Qxf7 Rf8) 23. Rh8 Nd7 24. g6 fxg6 25. Qxg6+ {[%emt 0:00:07] White mates.} Ke7 26. Rh7+ Bg7 27. Qxg7+ Ke8 28. Qf7# {[%mdl 32768] Weighted Error Value: White=0.08 (flawless) /Black=0.83. Loss on time!?} 0-1

[Event "GER-ch Youth-ODJM 2022"]
[Site "Willingen"]
[Date "2022.06.05"]
[Round "1.5"]
[White "Wehrle, Valentin"]
[Black "Eberhart, Erik"]
[Result "0-1"]
[ECO "A52"]
[WhiteElo "1522"]
[BlackElo "1708"]
[Annotator "NA RC COMBH"]
[PlyCount "50"]
[EventDate "2022.06.05"]
[EventType "swiss"]
[EventRounds "9"]
[EventCountry "GER"]
[SourceTitle "playchess.com"]
[Source "ChessBase"]
[SourceQuality "1"]
[TimeControl "40/4500+30:900+30"]

1. d4 Nf6 2. c4 e5 3. dxe5 Ng4 4. Nf3 Bc5 5. e3 Nc6 6. Nc3 Ngxe5 7. Nxe5 Nxe5 8. Be2 d6 9. O-O O-O 10. b3 Qh4 11. a3 a6 12. Nd5 c6 13. Nf4 Qe7 14. Nd3 Bb6 15. Bb2 Bf5 16. Nxe5 dxe5 17. Qc1 Rad8 18. Qc3 f6 19. Rfd1 Bc7 20. Rxd8 Rxd8 21. Rd1 Rxd1+ 22. Bxd1 e4 23. a4 Qd6 24. Qd4 Qxh2+ 25. Kf1 Qh1+ 0-1

[Event "GER-ch Youth-ODJM 2022"]
[Site "Willingen"]
[Date "2022.06.05"]
[Round "1.6"]
[White "Ermert, Karl Hans Ragnar"]
[Black "Paqarizi, Endrit"]
[Result "1-0"]
[ECO "B23"]
[WhiteElo "1662"]
[BlackElo "1380"]
[Annotator "NA RC COMBH"]
[PlyCount "33"]
[EventDate "2022.06.05"]
[EventType "swiss"]
[EventRounds "9"]
[EventCountry "GER"]
[SourceTitle "playchess.com"]
[Source "ChessBase"]
[SourceQuality "1"]
[TimeControl "40/4500+30:900+30"]

1. e4 c5 2. Nc3 e6 3. f4 Nc6 4. Nf3 Qc7 5. d3 a6 6. Be2 b5 7. O-O Bb7 8. Qe1 d6 9. f5 Be7 10. Ng5 Bxg5 11. Bxg5 Nge7 12. f6 gxf6 13. Bxf6 Rg8 14. Qh4 O-O-O 15. Bh5 Rdf8 16. Bxe7 Nxe7 17. Bxf7 1-0

[Event "GER-ch Youth-ODJM 2022"]
[Site "Willingen"]
[Date "2022.06.05"]
[Round "1.7"]
[White "Muller, Anker"]
[Black "Ruddat, Jarne"]
[Result "0-1"]
[ECO "B72"]
[WhiteElo "1509"]
[BlackElo "1415"]
[Annotator "NA RC COMBH"]
[PlyCount "60"]
[EventDate "2022.06.05"]
[EventType "swiss"]
[EventRounds "9"]
[EventCountry "GER"]
[SourceTitle "playchess.com"]
[Source "ChessBase"]
[SourceQuality "1"]
[TimeControl "40/4500+30:900+30"]

1. e4 c5 2. Nf3 Nc6 3. Nc3 g6 4. d4 cxd4 5. Nxd4 Bg7 6. Be3 Nf6 7. Be2 O-O 8. Qd2 d6 9. O-O-O Bd7 10. Nb3 a6 11. Bh6 b5 12. Bxg7 Kxg7 13. f3 h5 14. Nd5 Nxd5 15. Qxd5 Qb6 16. Qd2 a5 17. g4 hxg4 18. fxg4 a4 19. Nd4 Ne5 20. Nf5+ Bxf5 21. gxf5 b4 22. Qd4 Qb7 23. b3 axb3 24. axb3 Rfc8 25. Kb2 Qc7 26. Bd3 Qc3+ 27. Qxc3 bxc3+ 28. Kb1 Ra5 29. b4 Ra4 30. fxg6 Rca8 0-1

[Event "GER-ch Youth-ODJM 2022"]
[Site "Willingen"]
[Date "2022.06.05"]
[Round "1.9"]
[White "Schwarz, David"]
[Black "Kroemer, Emanuel"]
[Result "1/2-1/2"]
[ECO "B01"]
[WhiteElo "1244"]
[BlackElo "1415"]
[Annotator "NA RC COMBH"]
[PlyCount "80"]
[EventDate "2022.06.05"]
[EventType "swiss"]
[EventRounds "9"]
[EventCountry "GER"]
[SourceTitle "playchess.com"]
[Source "ChessBase"]
[SourceQuality "1"]
[TimeControl "40/4500+30:900+30"]

1. e4 d5 2. exd5 Qxd5 3. Nc3 Qa5 4. Nf3 Nf6 5. d4 c6 6. Bc4 Bf5 7. Bd2 Nbd7 $14 8. O-O Bg4 9. h3 Bh5 10. g4 Bg6 11. Qe2 Qc7 12. Ne5 e6 13. Bf4 Bd6 14. h4 Nd5 15. Bxd5 Bxe5 16. dxe5 cxd5 17. h5 Bxc2 18. Nb5 Qc5 19. Rac1 Qb4 20. Nc7+ Kf8 21. Nxa8 Qxf4 22. Rxc2 Nxe5 23. f3 Ke7 24. Nc7 Rd8 25. Kg2 Nc4 26. Nb5 Ne3+ 27. Kh1 Nxc2 28. Qxc2 a6 29. Nc3 Qc4 30. Re1 d4 31. Qe4 Qc5 32. Qxb7+ Rd7 33. Ne4 Qa5 34. b4 Qa3 35. Qb6 Qxf3+ 36. Kg1 Qxg4+ 37. Kf1 Qf5+ 38. Kg1 Qg4+ 39. Kf1 Qf5+ 40. Kg1 Qg4+ 1/2-1/2

[Event "GER-ch Youth-ODJM 2022"]
[Site "Willingen"]
[Date "2022.06.05"]
[Round "1.10"]
[White "Brunner, Alexander"]
[Black "Hartwig, Eric-Jordan"]
[Result "1/2-1/2"]
[ECO "A45"]
[WhiteElo "1991"]
[BlackElo "1510"]
[Annotator "TA"]
[PlyCount "53"]
[EventDate "2022.06.05"]
[EventType "swiss"]
[EventRounds "9"]
[EventCountry "GER"]
[SourceTitle "playchess.com"]
[Source "ChessBase"]
[SourceQuality "1"]
[TimeControl "40/4500+30:900+30"]

1. d4 Nf6 2. Nc3 e6 3. Bf4 Bb4 4. Qd3 d5 5. a3 Ba5 6. b4 {[%emt 0:00:00] A45: Trompowsky Attack.} Bb6 7. Nf3 {[%emt 0:01:17] [#]} Nc6 $146 ({Predecessor:} 7... a5 8. Rb1 axb4 9. axb4 Ra3 10. Bc1 Ra8 11. g4 Nc6 12. g5 Ne4 13. Bg2 Qd6 14. Nxe4 dxe4 15. Qxe4 Nxb4 {1-0 (37) Gelman,A (2403)-Terry,R (2504) Chess.com INT 2021}) 8. h3 a5 9. b5 Ne7 10. Na4 c6 11. Ne5 ({White should try} 11. e3 $14) 11... Bc7 $11 12. e3 Nh5 (12... Ne4 $11) 13. Bh2 $14 f6 14. Be2 {[%emt 0:06:52] White is much more active.} fxe5 15. b6 Nf4 16. exf4 Bxb6 17. fxe5 Ba7 18. Bf4 Nf5 19. c3 b5 20. Nb2 Bd7 21. g4 Nh4 {[%emt 0:00:53] ...Ng2+ is the strong threat.} 22. O-O {[%emt 0:01:22] Against Ng2} g5 $2 {[%emt 0:00:23] [#]} (22... c5 $11) 23. Bg3 (23. Be3 $1 $16) 23... Ng6 $11 24. f4 gxf4 25. Bxf4 O-O 26. Bg3 (26. Be3 $11) 26... Qe7 ({Black should play} 26... Qg5 $15 27. Kh2 c5) 27. Kg2 {Weighted Error Value: White=0.22 (precise) /Black=0.25 (precise)} (27. Rxf8+ $11 Rxf8 28. Qe3) 1/2-1/2

[Event "GER-ch Youth-ODJM 2022"]
[Site "Willingen"]
[Date "2022.06.05"]
[Round "1.11"]
[White "Köhler, Lukas"]
[Black "Metzinger, Hannes"]
[Result "1-0"]
[ECO "B10"]
[WhiteElo "2099"]
[BlackElo "1845"]
[Annotator "TA"]
[PlyCount "40"]
[EventDate "2022.06.05"]
[EventType "swiss"]
[EventRounds "9"]
[EventCountry "GER"]
[SourceTitle "playchess.com"]
[Source "ChessBase"]
[SourceQuality "1"]
[TimeControl "40/4500+30:900+30"]

1. e4 c6 2. c4 d5 3. exd5 cxd5 4. cxd5 Nf6 5. Nc3 Nxd5 6. Nf3 Nxc3 {[%emt 0:00:00] B10: Caro-Kann: 2 d3 and 2 c4.} 7. bxc3 Qc7 8. d4 Nd7 {[%emt 0:00:00] White has an edge.} ({Don't play} 8... Qxc3+ 9. Bd2 Qc6 10. Rc1 Qe4+ 11. Be3 $16) 9. Qb3 e6 10. Bd3 Bd6 {[%emt 0:02:01] [#]} 11. Ng5 $146 ({Predecessor:} 11. O-O O-O 12. Qc2 h6 13. Qe2 b6 14. c4 Bb7 15. Bb2 Rfe8 16. Rfe1 Bxf3 17. Qxf3 Bxh2+ {½-½ (80) Shyam,S (2552)-Kojima,S (2399) Douglas 2016}) 11... Nf6 12. h3 Bd7 13. O-O Bc6 14. Re1 O-O 15. c4 Rac8 16. c5 Be7 17. Rb1 h6 18. Nxe6 fxe6 $19 19. Qxe6+ {[%emt 0:00:05] [#]} Kh8 $1 {[%emt 0:01:47][%cal Oe7c5] White must now prevent ...Bxc5!} 20. Qxe7 (20. Bb2 {was worth a try.} Rce8 21. Bg6) 20... Rfe8 {[%mdl 32768] Weighted Error Value: White=0.31/Black=0.04 (flawless) . Loss on time!?} 1-0

[Event "GER-ch Youth-ODJM 2022"]
[Site "Willingen"]
[Date "2022.06.05"]
[Round "1.12"]
[White "Andrade, Ruben"]
[Black "Bock, Leonas"]
[Result "1-0"]
[ECO "B20"]
[WhiteElo "1694"]
[BlackElo "1352"]
[Annotator "NA RC COMBH"]
[PlyCount "91"]
[EventDate "2022.06.05"]
[EventType "swiss"]
[EventRounds "9"]
[EventCountry "GER"]
[SourceTitle "playchess.com"]
[Source "ChessBase"]
[SourceQuality "1"]
[TimeControl "40/4500+30:900+30"]

1. e4 c5 2. c4 Nc6 3. Nc3 g6 4. g3 Bg7 5. Bg2 d6 6. Nge2 e5 7. O-O Nge7 8. d3 O-O 9. Rb1 Bd7 10. a3 Rb8 11. b4 $11 b6 12. Bd2 Nd4 13. Nxd4 cxd4 14. Nd5 Nxd5 15. cxd5 Bb5 16. Qb3 Qd7 17. Rfc1 f5 18. f3 Ba4 19. Qb2 Bb5 20. Qb3 Ba4 21. Qa2 Bb5 22. Rb3 Rbc8 23. Qb1 Rxc1+ 24. Bxc1 Rc8 25. Bd2 Ba4 26. Rb2 Rc7 27. Bf1 Qc8 28. Be2 Bc2 29. Qa2 Ba4 30. Qb1 Bc2 31. Qf1 Qa6 32. Qc1 Qc8 33. Qa1 Ba4 34. Bd1 Qa6 35. Be2 Qc8 36. Bd1 Qa6 37. Be2 Qc8 38. Rb1 Rc2 39. Rc1 Qa6 40. Rxc2 Bxc2 41. Qb2 Qc8 42. Qc1 Qa6 43. Qxc2 Qxa3 44. Qc8+ Bf8 45. Bh6 Qc1+ 46. Bxc1 1-0

[Event "GER-ch Youth-ODJM 2022"]
[Site "Willingen"]
[Date "2022.06.05"]
[Round "1.13"]
[White "Gallasch, Jonas"]
[Black "Kamp, Aaron"]
[Result "0-1"]
[ECO "B21"]
[WhiteElo "2044"]
[BlackElo "1790"]
[Annotator "TA"]
[PlyCount "146"]
[EventDate "2022.06.05"]
[EventType "swiss"]
[EventRounds "9"]
[EventCountry "GER"]
[SourceTitle "playchess.com"]
[Source "ChessBase"]
[SourceQuality "1"]
[TimeControl "40/4500+30:900+30"]

1. e4 c5 2. d4 cxd4 3. c3 dxc3 4. Nxc3 Nc6 5. Nf3 e6 6. Bc4 a6 7. O-O Nge7 8. Bg5 h6 {[%emt 0:00:00] B21: Sicilian: 2 f4 and Morra Gambit.} 9. Bh4 g5 10. Bg3 Ng6 {[%emt 0:00:00] Black is slightly better.} 11. Re1 d6 12. Qd2 {[%emt 0:05:26] [#]} (12. h3 $15) 12... g4 $146 ({Predecessor:} 12... h5 13. Rad1 h4 14. Bxd6 Bxd6 15. Qxd6 Qxd6 16. Rxd6 Ke7 17. Rxc6 bxc6 18. Nxg5 Ne5 {1-0 (45) Jobava,B (2582)-Baches Garcia,G (2329) Chess.com INT 2021}) 13. Nd4 Nce5 14. Be2 h5 $1 15. f4 (15. Nc2 $17) 15... gxf3 (15... Bh6 $19 {has better winning chances.} 16. h4 gxh3 17. gxh3 Nxf4 18. Bxf4 Qh4 $1 19. Bb5+ (19. Bxh6 $2 Rg8+ 20. Bg4 Qxh3 $19) 19... axb5 20. Bxh6 Rg8+ 21. Kh1 Qxh3+ 22. Qh2 Qxh2+ 23. Kxh2 Ng4+ 24. Kh1 Nxh6 25. Ndxb5 Ke7) 16. Nxf3 $17 Bh6 17. Qd4 Bg7 18. Nxe5 {[%emt 0:03:15] [#]} (18. Qb4 $142) 18... Bxe5 (18... h4 $1 $17 19. Qa4+ b5 20. Nxb5 Nxe5 21. Nxd6+ (21. Bxe5 Bxe5 22. Nxd6+ Kf8 $14) 21... Kf8 22. Bxe5 Bxe5) 19. Bxe5 $11 dxe5 (19... Nxe5 {feels hotter.} 20. Rf1 h4 21. Rad1 b5) 20. Qxd8+ Kxd8 21. Na4 $1 b5 22. Nc5 Rb8 23. b4 Nf4 24. Bf1 Rg8 25. Kf2 h4 26. a4 bxa4 $1 27. Rxa4 Ke7 28. g3 hxg3+ 29. hxg3 Nh5 30. Re3 Nf6 {[%emt 0:01:26] Hoping for ...Ng4+.} 31. Rea3 Bd7 $36 {[%emt 0:06:27][%mdl 2048] Black has some pressure.} 32. Nxd7 Kxd7 33. Bg2 (33. Kf3 $15) 33... Rgc8 $17 34. Ke3 Rc4 35. Rb3 (35. Bf3 $17 {is a better defense.}) 35... Rb6 36. Kd3 Rd4+ 37. Ke3 Ke7 38. Bf3 Nd7 {[%emt 0:03:12] Strongly threatening ...Nc5. Black is more active.} 39. Ra5 {[%emt 0:01:41] Prevents Nc5.} Rdxb4 40. Rxb4 Rxb4 41. Rxa6 {[%emt 0:17:02][%mdl 4096] Endgame KRB-KRN} Rb3+ 42. Kf2 Nc5 43. Ra7+ Kf6 44. Ra5 Rc3 45. Ra7 Kg6 46. Ra8 f5 ({Better is} 46... Nb3 47. Rg8+ Kh7) 47. exf5+ exf5 48. Rg8+ Kf7 49. Rg5 $2 {[%emt 0:00:00] Now White is beyond hope.} (49. Bd5+ $17 Ne6 50. Ra8) 49... Kf6 $19 50. Rg8 e4 51. Be2 (51. Rf8+ {keeps fighting.} Ke5 52. Re8+ Ne6 53. Bh5) 51... Ne6 52. Ra8 $2 (52. Bh5 {was forced.}) 52... Nd4 {[%emt 0:00:00] Threatens to win with ...e3+.} 53. Ra2 (53. Bd1 $142) 53... Kg5 (53... Nxe2 $142 54. Rxe2 Kg5) 54. Bd1 Rd3 (54... e3+ $142 55. Kg2 Rc1) 55. Ra1 e3+ 56. Ke1 {[%emt 0:01:36] [#]} Rd2 (56... Kf6 $1 $19 {And now ...Ke5 would win.} 57. Ra8 Rc3) 57. Ra3 $2 {[%emt 0:01:07] [#]} (57. Ra4 $17) 57... Rxd1+ $1 {[%emt 0:00:09][%mdl 512] Black mates.} 58. Kxd1 {[%emt 0:00:08] KR-KN} e2+ ({Worse is} 58... f4 59. gxf4+ Kxf4 60. Ra8 $11) 59. Kd2 e1=Q+ {[%emt 0:00:08][%mdl 64] Deflection, Decoy} 60. Kxe1 Nc2+ 61. Kf2 Nxa3 {[%emt 0:00:31] KN-KP} 62. Kf3 Nc4 63. Kf2 Kg4 64. Kg2 Nd6 65. Kf2 Ne4+ 66. Kg2 Nxg3 67. Kf2 f4 68. Kg2 Ne4 69. Kg1 Kg3 70. Kf1 f3 71. Kg1 Nd2 72. Kh1 Nc4 73. Kg1 f2+ {[%emt 0:00:10] Weighted Error Value: White=0.67/Black=0.42} 0-1

[Event "GER-ch Youth-ODJM 2022"]
[Site "Willingen"]
[Date "2022.06.05"]
[Round "1.14"]
[White "Weigand, Anton"]
[Black "Gerlach, Felix"]
[Result "1/2-1/2"]
[ECO "A20"]
[WhiteElo "1866"]
[BlackElo "2072"]
[Annotator "TA"]
[PlyCount "116"]
[EventDate "2022.06.05"]
[EventType "swiss"]
[EventRounds "9"]
[EventCountry "GER"]
[SourceTitle "playchess.com"]
[Source "ChessBase"]
[SourceQuality "1"]
[TimeControl "40/4500+30:900+30"]

1. c4 e5 2. g3 Nf6 3. Bg2 Nc6 4. Nc3 Bc5 5. e3 Nb4 6. d3 $1 {[%emt 0:00:00] A25: English Opening vs King's Indian with ...Nc6 but without early d3.} a5 7. a3 Nc6 8. Nge2 {[%emt 0:07:12] White is slightly better.} d6 9. h3 O-O 10. O-O Bb6 {[%emt 0:07:27] [#]} 11. Rb1 $146 ({Predecessor:} 11. b3 Re8 12. Kh2 Ne7 13. d4 exd4 14. Nxd4 c6 15. Bb2 d5 16. cxd5 Nexd5 17. Nce2 {1-0 (60) Murshed,N (2448)-Mohammad,A (2200) Dhaka 2007}) 11... Ne7 12. e4 c6 13. d4 exd4 14. Nxd4 Be6 15. Nxe6 fxe6 16. Qb3 (16. Na4 $5 ) 16... Nd7 17. Na4 Nc5 18. Qxb6 Nxa4 19. Qe3 (19. Qxb7 $2 Nc5 20. Qxa8 Qxa8 $19) 19... e5 20. Rd1 Qc7 21. b3 Nc5 {[%emt 0:01:21] [#]} 22. b4 $1 axb4 23. axb4 Ne6 {[%emt 0:08:07] [#]} 24. c5 $1 dxc5 (24... Rad8 $16 25. Bb2 Kh8) 25. Qb3 $18 ({Don't take} 25. bxc5 $6 Kh8 26. h4 Rfd8 $16) 25... c4 26. Qxc4 Rf6 27. Bg5 Rg6 28. Be3 Kh8 29. b5 c5 30. b6 {[%emt 0:00:54] White is more active.} Qc6 {[%emt 0:00:31] [#]} (30... Qc8 $16 {keeps fighting.}) 31. Rd5 $1 Ra4 32. Qb5 Qxb5 $14 33. Rxb5 {[%emt 0:00:04] Threatens to win with Rd7.} Nxd5 34. exd5 Nd4 35. Rxc5 Ra8 {[%emt 0:00:54] Prevents Rc8+.} 36. d6 Rxd6 37. Rxe5 Nc6 38. Bxc6 Rxc6 $16 {[%emt 0:02:28][%mdl 4096] Endgame KRR-KRB} 39. Re7 h6 40. Rxb7 Ra1+ 41. Kg2 Rb1 42. h4 Rc4 43. Kf3 (43. Rc7 $16 Rbb4 44. Rd7 (44. Rxc4 Rxc4 45. Kf3 Kg8 $16)) 43... h5 44. Rd7 (44. Rc7 $5 Ra4 45. Bc5 $16 (45. b7 Rab4 $11)) 44... Rb3 45. Rd5 g6 $1 46. Rd6 (46. Rd7 $5 ) 46... Kg7 {[%emt 0:00:39] The position is equal.} 47. Ke2 Rc2+ 48. Kd1 Ra2 {[%emt 0:01:04] aiming for ...Rb1+.} 49. Rd7+ Kf6 {[%emt 0:01:33] White must now prevent ...Rb1+.} 50. Rd2 Rxd2+ 51. Kxd2 $11 {[%emt 0:00:09] KR-KB} Ke6 52. Kc2 Rb5 53. Kc3 Kd5 54. Kd3 Rb2 55. Kc3 Rb5 56. f3 Rb1 {[%emt 0:03:17][%mdl 1024] Black has compensation.} 57. Kc2 Rb5 58. Kc3 Rb1 {[%emt 0:00:10] White really could win this.  Weighted Error Value: White=0.17 (very precise) /Black=0.13 (very precise)} 1/2-1/2

[Event "GER-ch Youth-ODJM 2022"]
[Site "Willingen"]
[Date "2022.06.05"]
[Round "1.15"]
[White "Schmitt, Daniel"]
[Black "Kruse, Victor"]
[Result "1/2-1/2"]
[ECO "D45"]
[WhiteElo "2141"]
[BlackElo "1733"]
[Annotator "TA"]
[PlyCount "78"]
[EventDate "2022.06.05"]
[EventType "swiss"]
[EventRounds "9"]
[EventCountry "GER"]
[SourceTitle "playchess.com"]
[Source "ChessBase"]
[SourceQuality "1"]
[TimeControl "40/4500+30:900+30"]

1. d4 d5 2. c4 e6 3. Nf3 Nf6 4. Nc3 c6 5. e3 Nbd7 6. Qc2 Bd6 7. b3 O-O 8. Bd3 Qe7 9. O-O e5 {[%emt 0:00:00] D46: Semi-Slav: 5 e3 Nbd7 6 Bd3, Black avoids the Meran.} 10. cxd5 $1 cxd5 {[%emt 0:00:00] Strongly threatening ...e4.} 11. e4 exd4 {[%emt 0:07:09] White is slightly better.} 12. Nxd5 Nxd5 13. exd5 {[%emt 0:00:32] [#] aiming for Re1.} h6 $146 ({Predecessor:} 13... Ne5 14. Nxe5 Qxe5 15. Bxh7+ Kh8 16. f4 Qxd5 17. Be4 d3 18. Qxd3 Bc5+ 19. Kh1 Qxd3 20. Bxd3 {0-1 (58) Ashiku,F (2419)-Shirov,A (2664) Chess.com INT 2020}) 14. Re1 Qf6 15. Bb2 {[%emt 0:01:24] White is more active.} Ne5 16. Nxd4 ({Better is} 16. Bh7+ $16 Kh8 17. Nxd4) 16... Qg5 ({Black should play} 16... Nxd3 $14 17. Qxd3 Bd7) 17. g3 (17. Bh7+ $16 Kh8 18. g3) 17... Nxd3 $15 18. Qxd3 Qxd5 19. Qc3 Be5 20. Qe3 {[%emt 0:02:07] [#]} Bh3 $1 21. Qe4 {[%emt 0:03:52] Prevents Qg2+.} Rfd8 22. Rad1 {[%emt 0:04:51] [#]} (22. Qxd5 $15 Rxd5 23. Nc6 Bxb2 24. Ne7+ Kf8 25. Nxd5 Bxa1 26. Rxa1) 22... Rac8 $1 $40 {[%emt 0:05:04][%mdl 128] White is in trouble.} 23. Qxd5 (23. Re2 Qxe4) 23... Rxd5 24. Rd2 Rcd8 25. Red1 Bg4 {[%emt 0:01:10] This bishop pair is nice.} 26. f3 {[%emt 0:00:34] [#]} Bxf3 27. Nxf3 Rxd2 28. Rxd2 Rxd2 29. Bxe5 Rxa2 30. h4 {[%emt 0:02:14] [#]} (30. Bc3 $17) 30... a6 (30... a5 $1 $19 {...f6 is the strong threat.} 31. Kf1 f6) 31. Kf1 $17 b5 {[%emt 0:00:53] White must now prevent ...a5.} 32. Nd4 f6 33. Bd6 (33. Bf4 $17) 33... Kf7 $2 (33... Rd2 $19 {is more deadly.} 34. Nf5 a5) 34. b4 g5 35. h5 Rh2 (35... a5 $17 {Hoping for ...Rd2.} 36. bxa5 Rxa5) 36. g4 $1 $11 {[%emt 0:00:33] The position is equal.} Rb2 37. Nf5 Ke6 38. Bc5 Kd5 39. Be7 Ke6 {Weighted Error Value: White=0.21 (precise) /Black=0.24 (precise)} 1/2-1/2